Map: Eternal Empire LE

Players

Eastredd

  • Race: Protoss Protoss
  • League: Grandmaster
  • Spawn Location: 7:00

Awers - Winner!

  • Race: Terran Terran
  • League: Grandmaster
  • Spawn Location: 1:00

VOD

Have the link to the VOD?

Description

Time

  • Played on: May 14, 2020, 5:11 a.m.
  • Length: 9:03
Show
View Real Time Build Order
Export as new Build Order

Eastredd Protoss 

Build Orders: 1 Gate Expand, Blink Stalkers, Zealot Archon 

Get SALT Encoding   

  12  0:00  Probe  
  13  0:13  Probe  
  14  0:19  Pylon  
  14  0:25  Probe (Chrono Boost)  
  15  0:37  Gateway  
  15  0:39  Probe (Chrono Boost)  
  16  0:43  Probe (Chrono Boost)  
  16  0:47  Assimilator  
  17  0:53  Probe  
  18  1:06  Probe  
  19  1:25  Nexus  
  19  1:33  Probe (Chrono Boost), Cybernetics Core  
  20  1:40  Assimilator  
  20  1:43  Probe (Chrono Boost)  
  21  1:48  Probe (Chrono Boost)  
  21  1:52  Pylon  
  22  2:00  Probe  
  23  2:08  Stalker (Chrono Boost)  
  23  2:09  Warp Gate  
  23  2:12  Probe  
  26  2:24  Probe  
  27  2:30  Stalker  
  27  2:36  Twilight Council  
  29  2:37  Probe (Chrono Boost)  
  29  2:39  Probe (Chrono Boost)  
  30  2:50  Pylon  
  32  2:51  Probe (Chrono Boost)  
  32  2:53  Probe (Chrono Boost)  
  32  2:56  Probe (Chrono Boost)  
  33  3:00  Probe  
  33  3:02  Stalker  
  36  3:06  Probe  
  36  3:07  Blink (Chrono Boost)  
  37  3:15  Probe  
  37  3:18  Probe  
  40  3:27  Probe  
  40  3:30  Probe  
  41  3:34  Robotics Facility  
  41  3:36  Gateway  
  41  3:39  Probe  
  42  3:42  Probe  
  43  3:49  Pylon  
  43  3:51  Probe  
  43  3:54  Probe  
  45  4:00  Stalker  
  45  4:03  Probe  
  45  4:07  Probe (Chrono Boost)  
  43  4:14  Nexus  
  43  4:15  Probe (Chrono Boost)  
  44  4:24  Forge, Probe (Chrono Boost)  
  44  4:25  Probe (Chrono Boost)  
  44  4:29  Observer  
  44  4:30  Probe  
  46  4:32  Pylon  
  46  4:33  Shield Battery  
  46  4:34  Probe  
  47  4:41  Pylon  
  47  4:42  Probe  
  47  4:44  Sentry  
  50  4:46  Probe  
  50  4:51  Observer  
  52  4:54  Probe  
  52  4:56  Protoss Ground Weapons Level 1 (Chrono Boost)  
  53  5:00  Probe  
  53  5:05  Gateway  
  53  5:06  Gateway  
  53  5:07  Probe  
  55  5:12  Probe  
  56  5:16  Charge (Chrono Boost)  
  56  5:17  Gateway  
  56  5:18  Gateway  
  56  5:24  Probe  
  56  5:25  Probe  
  56  5:26  Probe  
  59  5:30  Zealot  
  59  5:32  Zealot  
  63  5:36  Probe  
  63  5:37  Probe  
  63  5:38  Probe  
  66  5:49  Probe x2  
  68  5:50  Gateway x2  
  68  5:52  Assimilator, Probe  
  68  5:55  Assimilator  
  69  6:00  Warp Prism  
  69  6:01  Probe  
  69  6:02  Probe  
  73  6:05  Probe  
  74  6:12  Templar Archives  
  74  6:13  Probe  
  74  6:14  Probe  
  76  6:18  Pylon  
  76  6:20  Pylon x2  
  76  6:22  Pylon  
  76  6:24  Probe  
  76  6:25  Probe  
  78  6:26  Probe  
  78  6:30  Zealot x2  
  78  6:31  Zealot  
  85  6:33  Observer  
  85  6:38  Zealot  
  85  6:39  Zealot x2  
  91  6:40  Probe  
  91  6:42  Protoss Ground Weapons Level 2 (Chrono Boost)  
  92  6:48  Pylon  
  92  6:52  Observer  
  92  7:02  Nexus  
  92  7:11  Zealot x5  
  92  7:12  Zealot  
  104  7:21  Stalker x2  
  108  7:24  Photon Cannon  
  108  7:27  Photon Cannon  
  108  7:30  Probe (Chrono Boost)  
  108  7:32  Probe (Chrono Boost)  
  108  7:33  Probe (Chrono Boost)  
  108  7:36  High Templar x4  
  106  7:43  Probe (Chrono Boost)  
  106  7:44  Probe (Chrono Boost), Archon  
  108  7:45  Archon  
  108  7:46  Zealot x3  
  108  7:49  Probe (Chrono Boost)  
  108  7:51  Probe x2 (Chrono Boost)  
  116  7:55  Zealot  
  116  7:56  Probe x2 (Chrono Boost)  
  116  7:58  Probe  
  90  8:00  Immortal (Chrono Boost)  
  79  8:07  Zealot x3  
  79  8:08  Probe x2  
  87  8:13  High Templar x2  
  87  8:15  Zealot x2  
  95  8:22  Zealot  
  95  8:23  Archon  
  93  8:31  Immortal (Chrono Boost), Zealot x3  
  101  8:38  Zealot x2  
  105  8:45  Zealot  
  107  8:53  Zealot x5  
Show
View Real Time Build Order
Export as new Build Order

Awers Terran - Winner!

Build Orders: 2 Factory, Gas First Reaper Expand, Mech 

Get SALT Encoding   

  12  0:00  SCV  
  13  0:12  SCV  
  14  0:17  Supply Depot  
  14  0:25  SCV  
  15  0:29  Refinery  
  15  0:38  SCV  
  16  0:44  Barracks  
  16  0:50  SCV  
  17  1:03  SCV  
  18  1:15  SCV  
  19  1:31  Orbital Command, Reaper  
  20  1:43  Command Center  
  20  1:56  Factory  
  20  1:58  SCV  
  21  2:07  Barracks Reactor  
  21  2:08  Refinery  
  21  2:11  SCV  
  22  2:17  Supply Depot  
  22  2:26  SCV  
  23  2:38  SCV  
  24  2:47  Hellion x2, Factory  
  24  2:51  SCV  
  29  3:04  SCV  
  29  3:05  Orbital Command  
  30  3:09  Hellion  
  30  3:11  Hellion  
  34  3:13  Barracks Tech Lab  
  34  3:16  SCV  
  35  3:28  Refinery  
  35  3:29  SCV  
  35  3:31  SCV  
  37  3:41  Siege Tank  
  37  3:43  SCV  
  37  3:44  Factory Tech Lab, Factory  
  37  3:45  SCV  
  42  3:52  Supply Depot  
  42  3:55  SCV  
  42  3:58  SCV  
  42  4:05  Siege Tank  
  42  4:07  SCV  
  43  4:13  SCV  
  43  4:15  Siege Tank  
  43  4:20  SCV  
  43  4:21  Refinery  
  44  4:25  SCV  
  45  4:34  SCV, Armory  
  45  4:35  Hellion  
  51  4:38  SCV, Supply Depot  
  51  4:43  Siege Tank  
  52  4:46  SCV  
  52  4:50  SCV  
  54  4:56  Barracks Reactor  
  54  4:57  Factory  
  54  5:00  SCV  
  54  5:02  SCV, Supply Depot  
  56  5:07  Supply Depot  
  56  5:12  SCV  
  57  5:14  SCV  
  58  5:23  Terran Vehicle Weapons Level 1  
  58  5:24  Supply Depot, Thor  
  64  5:29  SCV  
  69  5:35  Hellion  
  69  5:36  Hellion  
  69  5:40  Thor  
  75  5:49  Supply Depot, Hellion x2  
  79  6:01  Hellion x2  
  79  6:03  Infernal Pre-Igniter  
  83  6:04  Supply Depot  
  83  6:08  Siege Tank  
  86  6:21  Hellion x2  
  86  6:24  Supply Depot x2  
  86  6:25  Siege Tank  
  93  6:26  Hellion  
  95  6:37  Hellion  
  97  6:41  Supply Depot  
  97  6:42  Supply Depot, Siege Tank  
  97  6:46  Hellion  
  102  6:56  Hellion x2  
  106  7:05  Supply Depot  
  106  7:13  Siege Tank  
  106  7:15  Hellion x2  
  113  7:17  Siege Tank  
  116  7:34  Hellion x2  
  116  7:43  Command Center  
  114  7:45  Hellion x2  
  100  7:59  Hellion x2, Siege Tank  
  100  8:04  Hellion  
  107  8:07  SCV  
  107  8:11  Hellion  
  107  8:12  SCV  
  117  8:35  SCV  
  124  8:41  SCV  
Tags
 
Add a new tag
Caveats
  • Supply blocks, unpowered buildings, or Contaminate may cause inaccurate times.
  • Supply counts are checked every 10 seconds.